 Dungeon Crawl Stone Soup version 0.30-b1-2-g02819fbbbe (webtiles) character file.

Game seed: 17639384690608269396

469 ventricule the Chopper (level 6, -10/52 HPs)
             Began as a Minotaur Delver on May 6, 2023.
             Mangled by a gnoll
             ... wielding a +1 heavy flail
              (14 damage)
             ... on level 4 of the Dungeon.
             The game lasted 00:03:32 (2868 turns).

ventricule the Chopper (Minotaur Delver)            Turns: 2868, Time: 00:03:33

Health: -10/52     AC:  7    Str: 19    XL:     6   Next: 82%
Magic:  5/5        EV:  9    Int:  7    God:
Gold:   120        SH:  8    Dex: 11    Spells: 5/5 levels left

rFire   . . .        a - +0 hand axe
rCold   . . .        p - +0 kite shield
rNeg    . . .        n - +0 scale mail
rPois   .            (helmet restricted)
rElec   .            (no cloak)
rCorr   .            (no gloves)
SInv    .            (no boots)
Will    .....        (no amulet)
Stlth   +            k - ring of wizardry
HPRegen 0.28/turn    (no ring)
MPRegen 0.09/turn

%: wizardry (x1)
@: no status effects
A: horns 2, retaliatory headbutt
a: no special abilities


You were on level 4 of the Dungeon.
You visited 1 branch of the dungeon, and saw 5 of its levels.

You collected 185 gold pieces.
You spent 65 gold pieces at shops.

Inventory:

Hand Weapons
 a - a +0 hand axe (weapon)
Armour
 b - a +0 leather armour
 l - a +0 ring mail
 n - a +0 scale mail (worn)
 p - a +0 kite shield (worn)
Jewellery
 k - a ring of wizardry (left hand)
 u - a ring of flight
Wands
 g - a wand of digging (3)
Scrolls
 c - 2 scrolls of fog
 d - 2 scrolls of magic mapping
 e - a scroll of fear
 i - a scroll of torment {unknown}
 m - a scroll of poison {unknown}
 r - 2 scrolls of enchant armour {unknown}
Potions
 f - a potion of haste
 h - a potion of mutation {unknown}
 j - a potion of brilliance {unknown}
 o - a potion of resistance {unknown}
 q - a potion of ambrosia {unknown}
 s - 2 potions of curing {unknown}
 t - 4 potions of heal wounds


   Skills:
 - Level 4.1 Fighting
 + Level 5.4 Axes
 + Level 4.2 Armour
 - Level 2.8 Dodging
 - Level 4.4 Stealth
 + Level 3.8 Shields


You had 5 spell levels left.
You didn't know any spells.
Your spell library contained the following spells:

 Spells                   Type           Power      Damage    Failure   Level
 Sting                    Tmut/Pois      0%         1d3       77%         1
 Blink                    Tloc           0%         N/A       87%         2
 Lesser Beckoning         Tloc           0%         N/A       87%         2
 Momentum Strike          Conj/Tloc      0%         3d8       87%         2
 Poisonous Vapours        Pois/Air       0%         N/A       87%         2
 Ozocubu's Armour         Ice            0%         N/A       98%         3
 Olgreb's Toxic Radiance  Pois           0%         N/A       100%        4
 Metabolic Englaciation   Hex/Ice        0%         N/A       100%        5
 Simulacrum               Ice/Necr       0%         N/A       100%        6


Dungeon Overview and Level Annotations

Branches:
Dungeon (5/15)
 Temple: D:4-7

Altars:
Okawaru

Shops:
D:2 *

Annotations:
D:4 3 runed translucent doors, windycow's ghost, amateur BaWr


Innate Abilities, Weirdness & Mutations

You have a pair of horns on your head.
You reflexively headbutt those who attack you in melee.


Message History

You start resting.
HP restored.
You now have 120 gold pieces (gained 11).
Found a stone staircase leading down.
Found a stone staircase leading up.
A gnoll comes into view. It is wielding a +0 whip.
The gnoll shouts!
You hear a shout! x2
A gnoll is nearby!
A gnoll comes into view. It is wielding a +1 heavy flail.
The gnoll shouts!
A gnoll comes into view. It is wielding a +0 club.
A scorpion comes into view.
A gnoll comes into view. It is wielding a +0 spear.
You barely miss the gnoll.
The gnoll shouts!
The gnoll hits you with a +0 whip!
You hit the gnoll but do no damage. You headbutt the gnoll.
The gnoll is lightly wounded.
You hit the gnoll. The gnoll hits you with a +0 whip.
You block the gnoll's attack.
You hit the gnoll.
The gnoll is heavily wounded.
You hit the gnoll. The gnoll hits you with a +0 whip.
The gnoll hits you with a +1 heavy flail!
You hit the gnoll. Your headbutt misses the gnoll.
The gnoll is severely wounded.
You hit the gnoll but do no damage. You block the gnoll's attack.
You closely miss the gnoll.
The gnoll is severely wounded.
You hit the gnoll. The gnoll hits you with a +0 whip.
The gnoll hits you with a +1 heavy flail!
* * * LOW HITPOINT WARNING * * *
The gnoll hits you but does no damage. You block the gnoll's attack. x2
The gnoll attacks as you move away! The gnoll closely misses you.
The gnoll attacks as you move away!
The gnoll hits you with a +1 heavy flail!
* * * LOW HITPOINT WARNING * * *
The gnoll attacks as you move away!
The gnoll hits you with a +1 heavy flail!
You die...

.... ##### #.....#.##### .....
#... ..##............
#...>.##g######.###.....#####.
#.<........#.# #####.#.....
###.#.s.##.#.# #.#.###.
...#.#....#.# #.#...†.
#####.#..#.#.# #.####<#
......g.###.#######.......
#..##..(g@........######.#
##.......#..#####.#.....<.
#.......#....^.#........#
#.#...#.#...............#
#.......#.#.............#
#.......#...........<...#
#.#...#.#.......>..#.#...
#.......#...######.#.#... ..
#.#.#...


You could see 2 gnolls.

Vanquished Creatures
  Sigmund (D:2)
  Pargi (D:3)
  A sleepcap (D:4)
  Jessica (D:3)
  Natasha (twice) (D:3)
  2 adders
  2 worms
  3 dart slugs
  3 orcs
  8 bats
  11 endoplasms
  2 giant cockroaches (D:1)
  7 hobgoblins
  4 jackals (D:4)
  4 quokkas
  6 ball pythons
  3 frilled lizards (D:1)
  2 goblins
  4 kobolds
  6 rats
73 creatures vanquished.

Notes
Turn   | Place    | Note
-------+----------+-------------------------------------------
     0 | D:5      | ventricule the Minotaur Delver began the quest for the Orb.
     0 | D:5      | Reached XP level 1. HP: 19/19 MP: 0/0
    31 | D:3      | Noticed Jessica
    36 | D:3      | Killed Jessica
    37 | D:3      | Reached skill level 3 in Axes
    37 | D:3      | Reached XP level 2. HP: 25/27 MP: 1/1
    77 | D:2      | Reached XP level 3. HP: 33/33 MP: 2/2
   252 | D:2      | Noticed Sigmund
   382 | D:1      | Reached skill level 1 in Armour
   597 | D:1      | Reached XP level 4. HP: 40/40 MP: 3/3
   887 | D:2      | Found Betaf's General Store.
   896 | D:2      | Bought a potion of heal wounds for 65 gold pieces
  1123 | D:2      | Killed Sigmund
  1124 | D:2      | Reached skill level 4 in Axes
  1124 | D:2      | Reached XP level 5. HP: 23/46 MP: 4/4
  1544 | D:3      | Reached XP level 6. HP: 52/52 MP: 5/5
  1545 | D:3      | Noticed Natasha
  1556 | D:3      | Killed Natasha
  1738 | D:3      | Noticed Pargi
  1749 | D:3      | Killed Pargi
  1750 | D:3      | Reached skill level 5 in Axes
  2294 | D:3      | Noticed Natasha
  2308 | D:3      | Killed Natasha
  2500 | D:4      | Found a runed translucent gate.
  2500 | D:4      | Found a runed translucent gate.
  2501 | D:4      | Found a runed translucent gate.
  2505 | D:4      | Noticed windycow's ghost (amateur BaWr)
  2601 | D:4      | Found an iron altar of Okawaru.
  2868 | D:4      | Mangled by a gnoll

Illustrated notes

Levels and vault maps discovered:
D:1:      dpeg_arrival_tiny_d, layout_basic
D:2:      layout_loops_ring, serial_shops, nicolae_shop_trees,
          uniq_crazy_yiuf_cottage, uniq_sigmund
D:3:      layout_basic, uniq_natasha, uniq_pargi, uniq_jessica
D:4:      layout_basic, mainiacjoe_overflow_tiny_flanked, temple_hall,
          gammafunk_ghost_necromancy
D:5:      layout_basic, nicolae_gozag_zags_fifth_avenue, st_stairs_5,
          serial_bayou_crossing, uniq_pikel

Skill      XL: |  1  2  3  4  5  6 |
---------------+-------------------+-----
Fighting       | 4 |  4.1
Axes           | 3 4 5 |  5.4
Armour         | 1 3 4 |  4.2
Shields        | 2 3 |  3.8
Dodging        | |  2.8
Stealth        | |  4.4

Action                     |  1- 3 |  4- 6 || total
---------------------------+-------+-------++-------
  Melee: Hand axe          |    62 |   135 ||   197
         Headbutt          |     6 |    20 ||    26
         Punch             |     2 |       ||     2
    Use: Scroll            |       |     5 ||     5
   Stab: Sleeping          |     5 |     2 ||     7
 Armour: Ring mail         |     6 |     7 ||    13
         Leather armour    |     3 |       ||     3
         Scale mail        |       |    45 ||    45
  Dodge: Dodged            |    39 |    53 ||    92
  Block: Kite shield       |       |    49 ||    49
